 Dungeon Crawl Stone Soup version 0.27-a0-1180-g7fc4abc71e (webtiles) character file.

Game seed: 2590912324170217115

122 Ijustatesigmund the Chopper (level 5, 0/47 HPs)
             Began as a Hill Orc Fighter on May 17, 2021.
             Slain by an orc warrior
             ... wielding a +0 dire flail
              (9 damage)
             ... on level 1 of the Dungeon.
             The game lasted 00:03:48 (1496 turns).

Ijustatesigmund the Chopper (Hill Orc Fighter)      Turns: 1496, Time: 00:03:49

Health: 0/47       AC:  9    Str: 19    XL:     5   Next: 6%
Magic:  5/5        EV:  7    Int:  8    God:
Gold:   37         SH:  9    Dex: 11    Spells: 1/4 levels left

rFire    . . .     SeeInvis .   a - +0 war axe
rCold    . . .     Faith    .   c - +0 kite shield
rNeg     . . .     Spirit   .   b - +0 scale mail
rPois    .         Reflect  .   e - +0 helmet
rElec    .         Harm     .   f - +0 cloak
rCorr    .         Rampage  .   (no gloves)
Will     .....                  (no boots)
Stlth    ..........             (no amulet)
HPRegen  0.15/turn              (no ring)
MPRegen  0.09/turn              (no ring)

@: no status effects
A: no striking features
a: no special abilities


You were on level 1 of the Dungeon.
You visited 1 branch of the dungeon, and saw 2 of its levels.

You collected 37 gold pieces.

Inventory:

Hand Weapons
 a - a +0 war axe (weapon)
Missiles
 j - 11 poisoned darts (quivered)
Armour
 b - a +0 scale mail (worn)
 c - a +0 kite shield (worn)
 e - a +0 helmet (worn)
 f - a +0 cloak (worn)
Scrolls
 d - a scroll of blinking
 g - a scroll of vulnerability {unknown}
 k - 2 scrolls of holy word


   Skills:
 + Level 4.8 Fighting
 * Level 5.7 Axes
 - Level 3.2 Armour
 - Level 3.2 Shields


You had one spell level left.
You knew the following spells:

 Your Spells              Type           Power      Damage    Failure   Level
a - Magic Dart            Conj           0%         1d3       99%         1
b - Blink                 Tloc           N/A        N/A       100%        2

Your spell library contained the following spells:

 Spells                   Type           Power      Damage    Failure   Level
 Call Imp                 Summ           0%         N/A       100%        2
 Slow                     Hex            0%         N/A       100%        2
 Conjure Flame            Conj/Fire      0%         6-21      100%        3
 Mephitic Cloud           Conj/Pois/Air  0%         N/A       100%        3


Dungeon Overview and Level Annotations

Branches:
Dungeon (2/15)

Altars:


Message History

No target in view!
You start resting.
HP restored.
You climb downwards.
You block the orc warrior's attack.
The orc warrior hits you with a +0 dire flail!
There is a stone staircase leading up, spattered with blood here.
The goblin hits you but does no damage. The orc warrior closely misses you.
You climb upwards.
There is a stone staircase leading down here.
You closely miss the orc warrior. You hit the goblin but do no damage.
The goblin barely misses you. You block the orc warrior's attack.
You barely miss the orc warrior. You hit the goblin but do no damage.
You block the goblin's attack.
The orc warrior hits you with a +0 dire flail.
The goblin barely misses you.
You closely miss the orc warrior.
Your shield and scale mail prevent you from hitting the goblin.
The orc warrior hits you with a +0 dire flail!
You block the goblin's attack.
The orc warrior hits you with a +0 dire flail.
You are too injured to fight recklessly!
You are too injured to fight recklessly!
You are too injured to fight recklessly!
You are too injured to fight recklessly!
You are too injured to fight recklessly!
You are too injured to fight recklessly!
You are too injured to fight recklessly!
You are too injured to fight recklessly!
You are too injured to fight recklessly!
You are too injured to fight recklessly!
You are too injured to fight recklessly!
You are too injured to fight recklessly!
You hit the orc warrior but do no damage.
You hit the goblin. The goblin barely misses you.
The orc warrior hits you with a +0 dire flail!
* * * LOW HITPOINT WARNING * * *
You closely miss the orc warrior. You slash the goblin!
You kill the goblin!
The orc warrior hits you with a +0 dire flail!
You die...

....###....#............#
....###....#............#
...........#.....>......#
...........#............#
...........#............#
...........###...########
...........# ##..#
...........# #)o#
#######....# #.@#
......###### ##.# ......#
#.# ###...## #.#
..###..#########.#
....##........##.#
##............##.#
###..............#
###............###


You could see an orc warrior.

Vanquished Creatures
  A jelly (D:2)
  Terence (D:2)
  3 adders (D:2)
  2 dart slugs
  3 orcs
  2 ball pythons (D:1)
  An endoplasm (D:2)
  4 giant cockroaches
  2 hobgoblins
  4 jackals (D:2)
  A bat (D:1)
  A frilled lizard (D:2)
  5 goblins
  3 kobolds
  2 rats (D:2)
35 creatures vanquished.

Vanquished Creatures (others)
  A plant (D:2)
1 creature vanquished.

Grand Total: 36 creatures vanquished

Notes
Turn   | Place    | Note
-------+----------+-------------------------------------------
     0 | D:1      | Ijustatesigmund the Hill Orc Fighter began the quest for
                  | the Orb.
     0 | D:1      | Reached XP level 1. HP: 19/19 MP: 1/1
   310 | D:1      | Reached skill level 3 in Axes
   448 | D:1      | Reached XP level 2. HP: 27/27 MP: 2/2
   915 | D:2      | Noticed Terence
   923 | D:2      | Reached skill level 4 in Axes
   924 | D:2      | Reached XP level 3. HP: 11/33 MP: 3/3
   925 | D:2      | Killed Terence
   926 | D:2      | Reached XP level 4. HP: 18/41 MP: 4/4
   967 | D:2      | Reached skill level 5 in Axes
  1209 | D:2      | Learned a level 1 spell: Magic Dart
  1212 | D:2      | Learned a level 2 spell: Blink
  1334 | D:2      | Noticed an orc warrior
  1345 | D:2      | Reached XP level 5. HP: 47/47 MP: 5/5
  1496 | D:1      | Slain by an orc warrior

Illustrated notes

Levels and vault maps discovered:
D:1:      minmay_arrival_diagonal_passages, layout_basic, minmay_misc_feat_iff
D:2:      layout_rooms, serial_bayou_pond_a, minmay_indecisive_spiral,
          uniq_terence

Skill      XL: |  1  2  3  4 |
---------------+-------------+-----
Axes           | 3 4 5 |  5.7
Fighting       | 4 |  4.8
Armour         | |  3.2
Shields        | |  3.2

Action                   |  1- 3 |  4- 6 || total
-------------------------+-------+-------++-------
Melee: War axe           |    36 |    33 ||    69
Throw: Dart              |       |    11 ||    11
  Use: Scroll            |     3 |       ||     3
       Potion            |     2 |       ||     2
Armor: Scale mail        |    39 |     9 ||    48
       Skin              |     1 |     4 ||     5
Dodge: Dodged            |    20 |     8 ||    28
Block: Kite shield       |    36 |    27 ||    63

Table legend: (Time is in decaauts)
 A = Elapsed time spent in this place.
 B = Non-inter-level travel time spent in this place.
 C = Inter-level travel time spent in this place.
 D = Time resting spent in this place.
 E = Time spent auto-exploring this place.
 F = Levels seen in this place.
 G = Mean time per level.
                   A        B        C        D        E       F      G
               +--------+--------+--------+--------+--------+-----+--------+
         Total |   1537 |   1486 |     51 |    221 |   1000 |   2 |  768.5 |
       Dungeon |   1537 |   1486 |     51 |    221 |   1000 |   2 |  768.5 |
               +--------+--------+--------+--------+--------+-----+--------+

Top non-repeatable levels by time:
     D:1: 1049 daAuts
     D:2: 487 daAuts
